NCAA
TEXAS CHRISTIAN HORNED FROGS @ MICHIGAN STATE SPARTANS
04/22/2023
 
TOP OF THE 1ST
Texas Christian Horned Frogs batting - Pitching for Michigan State Spartans : RHP José Martínez
Pitching: RHP José Martínez
Batting: LHB Miguel Martínez 0-0: Ball
1-0: Ball
2-0: SINGLE (Groundball, 34D) (infield hit)
Batting: RHB Dave Anderson 0-0: Called Strike
0-1: Ball
Miguel Martínez steals 2nd base
1-1: SINGLE (Groundball, 4M)
Miguel Martínez to third
Batting: RHB Brett Murphy 0-0: Called Strike
0-1: Ball
1-1: Called Strike
1-2: Foul Ball, location: 2F
1-2: Strikes out looking
Batting: LHB Brenton Carter 0-0: Ball
Dave Anderson steals 2nd base
1-0: Called Strike
1-1: Foul Ball, location: 2F
1-2: Foul Ball, location: 2F
1-2: Foul Ball, location: 2F
1-2: Ball
2-2: Strikes out swinging
Batting: RHB Anthony Walsh 0-0: Foul Ball, location: 2F
0-1: Called Strike
0-2: Ball
1-2: Ball
2-2: Strikes out swinging
Top of the 1st over - 0 run(s), 2 hit(s), 0 error(s), 2 left on base; Texas Christian 0 - Michigan State 0
BOTTOM OF THE 1ST
Michigan State Spartans batting - Pitching for Texas Christian Horned Frogs : LHP Ralph Johnson
Pitching: LHP Ralph Johnson
Batting: RHB Mike Copeland 0-0: Ball
1-0: SINGLE (Line Drive, 8LS)
Batting: RHB Juan García 0-0: Ball
1-0: Called Strike
1-1: SINGLE (Groundball, 56D)
Mike Copeland to second
Batting: SHB Wayne Matthews 0-0: Ball
1-0: Ball
2-0: Ball
3-0: Base on Balls
Mike Copeland to third
Juan García to second
Batting: LHB Raúl Casillán 0-0: Ball
1-0: Ball
2-0: GRAND SLAM HOME RUN (Flyball, 9D), Distance : 344 ft
Batting: LHB Billy Anderson 0-0: Ball
1-0: Foul Ball, location: 2F
1-1: Called Strike
1-2: Ball
2-2: Foul Ball, location: 2F
2-2: Ball
3-2: Foul Ball, location: 2F
3-2: Fly out, F8 (Flyball, 8RM)
Batting: RHB David Bautista 0-0: Fly out, F9 (Line Drive, 9M)
Batting: RHB Jorge Carranza 0-0: Ball
1-0: Ball
2-0: Foul Ball, location: 2F
2-1: Called Strike
2-2: Strikes out swinging
Bottom of the 1st over - 4 run(s), 3 hit(s), 0 error(s), 0 left on base; Texas Christian 0 - Michigan State 4
TOP OF THE 2ND
Texas Christian Horned Frogs batting - Pitching for Michigan State Spartans : RHP José Martínez
Batting: RHB Greg Carpenter 0-0: Swinging Strike
0-1: Swinging Strike
0-2: Ball
1-2: Foul Ball, location: 2F
1-2: Ball
2-2: Fly out, F8 (Flyball, 8RD)
Batting: LHB Garrett Cabrera 0-0: Ball
1-0: Ball
2-0: Ball
3-0: Called Strike
3-1: Fly out, F6 (Line Drive, 6)
Batting: LHB Brandon Bingham 0-0: Ball
1-0: Called Strike
1-1: SINGLE (Groundball, 4M)
Batting: LHB Dave Green 0-0: Ball
1-0: Ball
2-0: Ball
3-0: Called Strike
3-1: Base on Balls
Brandon Bingham to second
Batting: LHB Miguel Martínez 0-0: SINGLE (Groundball, 3D)
Brandon Bingham to third
Dave Green to second
Runner from 3rd tries for Home, SAFE, no throw or cutoff
Batting: RHB Dave Anderson 0-0: Foul Ball, location: 2F
0-1: Ground out 2-3 (Groundball, 2R)
Top of the 2nd over - 1 run(s), 2 hit(s), 0 error(s), 2 left on base; Texas Christian 1 - Michigan State 4
BOTTOM OF THE 2ND
Michigan State Spartans batting - Pitching for Texas Christian Horned Frogs : LHP Ralph Johnson
Batting: RHB Donald Brampton 0-0: Ball
1-0: Fly out, F7 (Flyball, 7M)
Batting: SHB Edmond Richardson 0-0: Ball
1-0: Called Strike
1-1: Ground out 6-3 (Groundball, 6)
Batting: RHB Mike Copeland 0-0: SOLO HOME RUN (Flyball, 7D), Distance : 369 ft
Batting: RHB Juan García 0-0: Ball
1-0: Fly out, F6 (Popup, 6MD)
Bottom of the 2nd over - 1 run(s), 1 hit(s), 0 error(s), 0 left on base; Texas Christian 1 - Michigan State 5
TOP OF THE 3RD
Texas Christian Horned Frogs batting - Pitching for Michigan State Spartans : RHP José Martínez
Batting: RHB Brett Murphy 0-0: Swinging Strike
0-1: Swinging Strike
0-2: Foul Ball, location: 2F
0-2: Ball
1-2: Ball
2-2: Strikes out swinging
Batting: LHB Brenton Carter 0-0: Ball
1-0: SINGLE (Line Drive, 4MD)
Batting: RHB Anthony Walsh 0-0: Called Strike
0-1: Ball
1-1: Called Strike
1-2: Foul Ball, location: 2F
1-2: Foul Ball, location: 2F
1-2: Fly out, F3 (Popup, 3SF)
Batting: RHB Greg Carpenter 0-0: Called Strike
0-1: Ball
Passed Ball!
Brenton Carter to second
1-1: Called Strike
1-2: Hit by Pitch
Batting: LHB Garrett Cabrera 0-0: Ball
1-0: Called Strike
1-1: Ball
2-1: Called Strike
2-2: Strikes out swinging
Top of the 3rd over - 0 run(s), 1 hit(s), 0 error(s), 2 left on base; Texas Christian 1 - Michigan State 5
BOTTOM OF THE 3RD
Michigan State Spartans batting - Pitching for Texas Christian Horned Frogs : LHP Ralph Johnson
Batting: SHB Wayne Matthews 0-0: Called Strike
0-1: Ball
1-1: Ground out 6-3 (Groundball, 6)
Batting: LHB Raúl Casillán 0-0: Ball
1-0: Ground out 4-3 (Groundball, 34)
Batting: LHB Billy Anderson 0-0: Called Strike
0-1: Ball
1-1: Ball
2-1: Ground out U3 (Groundball, 3)
Bottom of the 3rd over - 0 run(s), 0 hit(s), 0 error(s), 0 left on base; Texas Christian 1 - Michigan State 5
TOP OF THE 4TH
Texas Christian Horned Frogs batting - Pitching for Michigan State Spartans : RHP José Martínez
Batting: LHB Brandon Bingham 0-0: Swinging Strike
0-1: Ball
1-1: Ground out 1-3 (Groundball, 13S)
Batting: LHB Dave Green 0-0: Swinging Strike
0-1: Ground out 4-3 (Groundball, 4)
Batting: LHB Miguel Martínez 0-0: Swinging Strike
0-1: Foul Ball, location: 2F
0-2: SINGLE (Line Drive, 7S)
Batting: RHB Dave Anderson 0-0: Ball
1-0: Ground out 1-3 (Groundball, 13S)
Top of the 4th over - 0 run(s), 1 hit(s), 0 error(s), 1 left on base; Texas Christian 1 - Michigan State 5
BOTTOM OF THE 4TH
Michigan State Spartans batting - Pitching for Texas Christian Horned Frogs : LHP Ralph Johnson
Batting: RHB David Bautista 0-0: SINGLE (Groundball, 4MD)
Batting: RHB Jorge Carranza 0-0: Called Strike
0-1: Swinging Strike
0-2: Strikes out swinging
Batting: RHB Donald Brampton 0-0: Ball
1-0: Called Strike
1-1: Called Strike
Throwing error on steal attempt, E2
David Bautista to third
1-2: Foul Ball, location: 2F
1-2: Foul Ball, location: 2F
1-2: Strikes out swinging
Batting: SHB Edmond Richardson 0-0: Called Strike
0-1: Ball
1-1: Ground out 1-3 (Groundball, 3S)
Bottom of the 4th over - 0 run(s), 1 hit(s), 1 error(s), 1 left on base; Texas Christian 1 - Michigan State 5
TOP OF THE 5TH
Texas Christian Horned Frogs batting - Pitching for Michigan State Spartans : RHP José Martínez
Batting: RHB Brett Murphy 0-0: Ball
1-0: Ball
2-0: Called Strike
2-1: Fly out, F8 (Flyball, 8LM)
Pitching: RHP Carlos Jiménez
Batting: LHB Brenton Carter 0-0: Ball
1-0: Swinging Strike
1-1: Foul Ball, location: 2F
1-2: Foul Ball, location: 2F
1-2: Strikes out swinging
Batting: RHB Anthony Walsh 0-0: Ball
1-0: Ball
2-0: Foul Ball, location: 2F
2-1: Swinging Strike
2-2: Ball
3-2: Strikes out swinging
Top of the 5th over - 0 run(s), 0 hit(s), 0 error(s), 0 left on base; Texas Christian 1 - Michigan State 5
BOTTOM OF THE 5TH
Michigan State Spartans batting - Pitching for Texas Christian Horned Frogs : LHP Ralph Johnson
Batting: RHB Mike Copeland 0-0: Foul Ball, location: 2F
0-1: SINGLE (Groundball, 6MD)
Batting: RHB Juan García 0-0: Swinging Strike
0-1: Ball
1-1: Ball
2-1: Grounds into double play, 6-4-3 (Groundball, 56)
Batting: SHB Wayne Matthews 0-0: Foul Ball, location: 2F
0-1: Ball
1-1: Foul Ball, location: 2F
1-2: Ball
2-2: SINGLE (Line Drive, 4D)
Batting: LHB Raúl Casillán 0-0: Called Strike
0-1: Reached on error, E4 (Groundball, 4)
Wayne Matthews to third
Batting: LHB Billy Anderson 0-0: Called Strike
0-1: Ball
1-1: Ball
2-1: Called Strike
2-2: Ground out 6-3 (Groundball, 6)
Bottom of the 5th over - 0 run(s), 2 hit(s), 1 error(s), 2 left on base; Texas Christian 1 - Michigan State 5
TOP OF THE 6TH
Texas Christian Horned Frogs batting - Pitching for Michigan State Spartans : RHP Carlos Jiménez
Batting: RHB Greg Carpenter 0-0: Ball
1-0: Ball
2-0: Called Strike
2-1: Fly out, F9 (Line Drive, 9M)
Batting: LHB Garrett Cabrera 0-0: Called Strike
0-1: Ball
1-1: Ball
2-1: Swinging Strike
2-2: Strikes out swinging
Batting: LHB Brandon Bingham 0-0: Ball
1-0: Called Strike
1-1: Foul Ball, location: 2F
1-2: Ball
2-2: Ball
3-2: Base on Balls
Batting: LHB Dave Green 0-0: Called Strike
0-1: Ball
1-1: Swinging Strike
1-2: Ball
Wild Pitch!
Brandon Bingham to second
2-2: Ball
3-2: Base on Balls
Batting: LHB Miguel Martínez 0-0: Swinging Strike
0-1: Fielders Choice at 2nd, U4 (Groundball, 4M)
Top of the 6th over - 0 run(s), 0 hit(s), 0 error(s), 2 left on base; Texas Christian 1 - Michigan State 5
BOTTOM OF THE 6TH
Michigan State Spartans batting - Pitching for Texas Christian Horned Frogs : LHP Ralph Johnson
Batting: RHB David Bautista 0-0: Ball
1-0: Called Strike
1-1: Fly out, F8 (Flyball, 8RM)
Batting: RHB Jorge Carranza 0-0: Foul Ball, location: 2F
0-1: Ball
1-1: Ball
2-1: Called Strike
2-2: Ball
3-2: Base on Balls
Pitching: RHP Jeff Smith
Batting: RHB Donald Brampton 0-0: Ball
Jorge Carranza is caught stealing 2nd base
1-0: Called Strike
1-1: Called Strike
1-2: Strikes out looking
Bottom of the 6th over - 0 run(s), 0 hit(s), 0 error(s), 0 left on base; Texas Christian 1 - Michigan State 5
TOP OF THE 7TH
Texas Christian Horned Frogs batting - Pitching for Michigan State Spartans : RHP Carlos Jiménez
Batting: RHB Dave Anderson 0-0: SINGLE (Groundball, 34D) (infield hit)
Batting: RHB Brett Murphy 0-0: Grounds into double play, 5-4-3 (Groundball, 56)
Batting: LHB Brenton Carter 0-0: Called Strike
0-1: Swinging Strike
0-2: Ball
1-2: Strikes out swinging
Top of the 7th over - 0 run(s), 1 hit(s), 0 error(s), 0 left on base; Texas Christian 1 - Michigan State 5
BOTTOM OF THE 7TH
Michigan State Spartans batting - Pitching for Texas Christian Horned Frogs : RHP Jeff Smith
Batting: SHB Edmond Richardson 0-0: Swinging Strike
0-1: Foul Ball, location: 2F
0-2: Ball
1-2: Foul Ball, location: 2F
1-2: Ball
2-2: SINGLE (Groundball, 6M)
Batting: RHB Mike Copeland 0-0: Bunted foul
0-1: Sac Bunt - play at first, batter OUT! 5-4
Edmond Richardson to second
Batting: RHB Juan García 0-0: Foul Ball, location: 2F
0-1: SINGLE (Groundball, 34D)
Edmond Richardson to third
Runner from 3rd tries for Home, SAFE, throw made home
Batting: SHB Wayne Matthews 0-0: Called Strike
0-1: Ball
1-1: Ball
2-1: Called Strike
2-2: Ball
3-2: Fly out, F6 (Popup, 56D)
Batting: LHB Raúl Casillán 0-0: Ball
1-0: Swinging Strike
1-1: SINGLE (Groundball, 34S)
Juan García to second
Runner from 2nd tries for 3rd, SAFE, no throw or cutoff
Batting: LHB Billy Anderson 0-0: Ball
1-0: Ball
2-0: Ground out U3 (Groundball, 3)
Bottom of the 7th over - 1 run(s), 3 hit(s), 0 error(s), 2 left on base; Texas Christian 1 - Michigan State 6
TOP OF THE 8TH
Texas Christian Horned Frogs batting - Pitching for Michigan State Spartans : RHP Carlos Jiménez
Pitching: RHP Bob Hatcher
Batting: RHB Anthony Walsh 0-0: Ball
1-0: Ball
2-0: Ball
3-0: Called Strike
3-1: Swinging Strike
3-2: Fly out, F7 (Flyball, 7D)
Batting: RHB Greg Carpenter 0-0: Ball
1-0: Called Strike
1-1: Fly out, F3 (Popup, 3F)
Batting: LHB Garrett Cabrera 0-0: Ball
1-0: SINGLE (Groundball, 34D)
Batting: LHB Brandon Bingham 0-0: Ball
1-0: Called Strike
1-1: Foul Ball, location: 2F
1-2: Strikes out swinging
Top of the 8th over - 0 run(s), 1 hit(s), 0 error(s), 1 left on base; Texas Christian 1 - Michigan State 6
BOTTOM OF THE 8TH
Michigan State Spartans batting - Pitching for Texas Christian Horned Frogs : RHP Jeff Smith
Batting: RHB David Bautista 0-0: Foul Ball, location: 2F
0-1: Called Strike
0-2: Strikes out swinging
Pitching: LHP Ralph Slater
Batting: RHB Jorge Carranza 0-0: Ball
1-0: Swinging Strike
1-1: Foul Ball, location: 2F
1-2: Ball
2-2: Ball
3-2: Fly out, F7 (Flyball, 7M)
Batting: RHB Donald Brampton 0-0: Called Strike
0-1: Swinging Strike
0-2: Ball
1-2: Ball
2-2: Strikes out swinging
Bottom of the 8th over - 0 run(s), 0 hit(s), 0 error(s), 0 left on base; Texas Christian 1 - Michigan State 6
TOP OF THE 9TH
Texas Christian Horned Frogs batting - Pitching for Michigan State Spartans : RHP Bob Hatcher
Batting: LHB Dave Green 0-0: Ball
1-0: Ball
2-0: Bunt for hit - play at first, batter OUT! 1-3
Batting: LHB Miguel Martínez 0-0: Swinging Strike
0-1: Ball
1-1: Ball
2-1: Called Strike
2-2: TRIPLE (Flyball, 89M)
Batting: RHB Dave Anderson 0-0: Called Strike
0-1: Foul Ball, location: 2F
0-2: Ball
1-2: Foul Ball, location: 2F
1-2: Foul Ball, location: 2F
1-2: Fly out, F8 (Flyball, 8LM)
Runner from 3rd tags up, SCORES, no throw
Batting: RHB Brett Murphy 0-0: Ball
1-0: Called Strike
1-1: Ground out 5-3 (Groundball, 56)
Top of the 9th over - 1 run(s), 1 hit(s), 0 error(s), 0 left on base; Texas Christian 2 - Michigan State 6
This league is powered by Out of the Park Baseball, the baseball management simulation game for PC, Mac and Linux
Wednesday, December 2nd, 2015 - OOTP Baseball 16.8 Build 38